 Dungeon Crawl Stone Soup version 0.26-a0-597-gb535b0901c (webtiles) character file.

Game seed: 15478592903742823583

314 hickop the Covered (level 6, -2/47 HPs)
             Began as a Mummy Wanderer on Sept 4, 2020.
             Killed by divine providence
             ... invoked by an orc priest
              (7 damage)
             ... on level 3 of the Dungeon.
             The game lasted 00:14:10 (2785 turns).

hickop the Covered (Mummy Wanderer)                 Turns: 2785, Time: 00:14:11

Health: -2/47      AC: 11    Str: 15    XL:     6   Next: 19%
Magic:  6/6        EV:  4    Int: 13    God:
Gold:   186        SH:  0    Dex: 12    Spells: 5/5 levels left

rFire    x . .     SeeInvis .   e - +2 dagger (venom)
rCold    + . .     Faith    .   (no shield)
rNeg     + + +     Spirit   .   l - +0 plate armour
rPois    ∞         Reflect  .   (no helmet)
rElec    .         Harm     .   (no cloak)
rCorr    .                      (no gloves)
MR       .....                  (no boots)
Stlth    ..........             (no amulet)
HPRegen  0.15/turn              (no ring)
MPRegen  0.10/turn              (no ring)

@: no status effects
A: no potions, fire vulnerability, cold resistance 1, negative energy resistance
3, torment resistance, unbreathing
a: no special abilities


You were on level 3 of the Dungeon.
You visited 1 branch of the dungeon, and saw 3 of its levels.

You collected 186 gold pieces.

Inventory:

Hand Weapons
 e - a +2 dagger of venom (weapon)
Armour
 d - a +0 ring mail
 l - a +0 plate armour (worn)
Jewellery
 g - an uncursed amulet of reflection
 h - an uncursed ring of fire
Scrolls
 a - a scroll of teleportation {unknown}
 b - a scroll of blinking
 c - 2 scrolls of fear {unknown}
 f - 2 scrolls of enchant weapon {unknown}
 i - 4 scrolls of remove curse {unknown}
 j - a scroll of enchant armour {unknown}
 k - 2 scrolls of identify


   Skills:
 * Level 3.4 Fighting
 + Level 2.7(2.8) Short Blades
   Level 1.0(2.0) Long Blades
   Level 1.0 Axes
 + Level 4.0 Armour
 - Level 1.0 Dodging
 - Level 2.4 Stealth


You had 5 spell levels left.
You didn't know any spells.
Your spell library was empty.

Dungeon Overview and Level Annotations

Branches:
Dungeon (3/15)

Altars:
Ashenzari


Innate Abilities, Weirdness & Mutations

You do not drink.
Your flesh is vulnerable to fire.
You are immune to poison.
Your flesh is cold resistant. (rC+)
You are immune to negative energy. (rN+++)
You are immune to unholy pain and torment.
You can survive without breathing.


Message History

The orc priest shouts! x2; The orc shouts!
The orc priest invokes the aid of Beogh against you.
Beogh smites you!
There is an open door here.
The orc priest calls down the wrath of Beogh upon you.
Beogh smites you! The orc hits you with a +0 short sword.
The orc priest calls down the wrath of Beogh upon you.
Beogh smites you!
* * * LOW HITPOINT WARNING * * *
You are too injured to fight recklessly!
You are too injured to fight recklessly!
You are too injured to fight recklessly!
The orc priest mumbles some strange prayers to Beogh against you.
Beogh smites you!
* * * LOW HITPOINT WARNING * * *
There is an open door here.
The orc priest invokes the aid of Beogh against you.
Beogh smites you!
You die...

#. #............# ########
.#.#######............# #.......
#.......##............# ##.####.
#.......##............# #.# #.
#.......##............# #.####.
#........#............# #....#.
#........#............########.#.
#........'o...........'........#.
#........#.oo.oo@.....##########.
#.......#########..#.## #.
#.....o.# ##.#..# #######.
#.......# #..#.# #......!
#...[...# ##.#.# #.######
#.......# #...####.# #########
##.......# #.......# ##......#


You could see 3 orc priests and 2 orcs.

Vanquished Creatures
  A bullfrog (D:3)
  Jessica (D:2)
  Natasha (thrice) (D:2)
  An iguana (D:2)
  Robin (D:2)
  3 adders (D:2)
  A white imp (D:3)
  An ooze (D:1)
  A worm (D:2)
  2 leopard geckos
  An orc (D:3)
  3 giant cockroaches (D:1)
  16 goblins
  9 hobgoblins
  3 jackals (D:1)
  7 kobolds
  3 quokkas (D:2)
  9 bats
  3 frilled lizards
  6 rats
75 creatures vanquished.

Notes
Turn   | Place    | Note
-------+----------+-------------------------------------------
     0 | D:1      | hickop the Mummy Wanderer began the quest for the Orb.
     0 | D:1      | hickop set off with the following items: a +2 dagger, a
                  | scroll of blinking, a +0 falchion, a +0 ring mail
     0 | D:1      | Reached XP level 1. HP: 15/15 MP: 1/1
   241 | D:1      | Reached XP level 2. HP: 16/21 MP: 2/2
   578 | D:1      | Reached skill level 3 in Armour
   712 | D:1      | Reached XP level 3. HP: 27/27 MP: 3/3
  1070 | D:2      | Reached skill level 1 in Short Blades
  1137 | D:2      | Reached XP level 4. HP: 33/33 MP: 4/4
  1146 | D:2      | Noticed Robin
  1223 | D:2      | Killed Robin
  1689 | D:2      | Noticed Natasha
  1699 | D:2      | Killed Natasha
  1933 | D:2      | Reached XP level 5. HP: 39/39 MP: 5/5
  1993 | D:2      | Noticed Jessica
  2001 | D:2      | Killed Jessica
  2155 | D:2      | Noticed Natasha
  2162 | D:2      | Killed Natasha
  2361 | D:2      | Noticed Natasha
  2370 | D:2      | Killed Natasha
  2385 | D:2      | Found a shattered altar of Ashenzari.
  2508 | D:3      | Reached XP level 6. HP: 37/47 MP: 6/6
  2596 | D:3      | Reached skill level 4 in Armour
  2785 | D:3      | Killed from afar by an orc priest

Illustrated notes

Levels and vault maps discovered:
D:1:      tarquinn_simple_flora_water_f, layout_loops_corners
D:2:      layout_basic, ashenzari_conservatory_becter, uniq_robin, uniq_jessica,
          uniq_natasha
D:3:      layout_basic

Skill      XL: |  1  2  3  4  5  6 |
---------------+-------------------+-----
Armour         | 3 4 |  4.0
Fighting       | 2 3 |  3.4
Short Blades   | 1 2 |  2.7
Long Blades    | |  1.0
Axes           | |  1.0
Dodging        | |  1.0
Stealth        | |  2.4

Action                   |  1- 3 |  4- 6 || total
-------------------------+-------+-------++-------
Melee: Dagger            |   112 |   156 ||   268
  Use: Scroll            |     2 |       ||     2
 Stab: Sleeping          |     1 |     1 ||     2
Armor: Ring mail         |    50 |    40 ||    90
       Plate armour      |       |    38 ||    38
Dodge: Dodged            |    65 |    68 ||   133

Table legend: (Time is in decaauts)
 A = Elapsed time spent in this place.
 B = Non-inter-level travel time spent in this place.
 C = Inter-level travel time spent in this place.
 D = Time resting spent in this place.
 E = Time spent auto-exploring this place.
 F = Levels seen in this place.
 G = Mean time per level.
                   A        B        C        D        E       F      G
               +--------+--------+--------+--------+--------+-----+--------+
         Total |   2774 |   2728 |     46 |      0 |   2208 |   3 |  924.7 |
       Dungeon |   2774 |   2728 |     46 |      0 |   2208 |   3 |  924.7 |
               +--------+--------+--------+--------+--------+-----+--------+

Top non-repeatable levels by time:
     D:2: 1403 daAuts
     D:1: 1052 daAuts
     D:3: 318 daAuts
